 Seeded DCSS version 0.32-a0-938-g40ac7a0 (webtiles) character file.

Game seed: 1459695861311278033 (custom seed)

284 edsrzf the Sneak (level 6, -6/47 HPs)
             Began as a Vampire Hunter on Apr 14, 2024.
             Mangled by an iguana (12 damage)
             ... on level 4 of the Dungeon.
             The game lasted 00:07:33 (3035 turns).

edsrzf the Sneak (Vampire Hunter)                   Turns: 3035, Time: 00:07:34

Health: -6/47      AC:  5    Str: 12    XL:     6   Next: 7%
Magic:  6/6        EV: 11    Int: 12    God:
Gold:   101        SH:  0    Dex: 17    Spells: 5/5 levels left

rFire   + . .        a - +0 falchion
rCold   . . .        (no shield)
rNeg    . . .        c - +0 leather armour
rPois   .            (no helmet)
rElec   .            (no cloak)
rCorr   .            f - +0 pair of gloves
SInv    +            d - +0 pair of boots
Will    +....        (no amulet)
Stlth   +            i - ring of protection from fire
HPRegen 0.47/turn    (no ring)
MPRegen 0.10/turn

%: no passive effects
@: confused, ambrosia-drunk, enlightened, flying, healing quickly, hasted, very
quick
A: alive, fangs 3, see invisible, vampiric 2
a: Exsanguinate


You were on level 4 of the Dungeon.
You visited 1 branch of the dungeon, and saw 4 of its levels.

You collected 101 gold pieces.

Inventory:

Hand Weapons
 a - a +0 falchion (weapon)
 b - a +0 shortbow
Missiles
 e - 12 poisoned darts
Armour
 c - a +0 leather armour (worn)
 d - a +0 pair of boots (worn)
 f - a +0 pair of gloves (worn)
Jewellery
 i - a ring of protection from fire (left hand)
Scrolls
 j - 2 scrolls of immolation {unknown}
 k - 2 scrolls of identify {unknown}
 m - a scroll of enchant armour {unknown}
 n - 2 scrolls of noise {unknown}
 o - a scroll of amnesia {unknown}
 p - a scroll of teleportation {unknown}
 s - a scroll of acquirement {unknown}
Potions
 r - a potion of brilliance {unknown}
 u - a potion of berserk rage {unknown}


   Skills:
 - Level 3.2 Fighting
 + Level 2.7 Long Blades
 - Level 3.2 Ranged Weapons
 - Level 2.1 Dodging
 + Level 6.9 Stealth


You had 5 spell levels left.
You didn't know any spells.
Your spell library contained the following spells:

 Spells                   Type           Power      Damage    Failure   Level
 Blink                    Tloc           0%         N/A       54%         2
 Lesser Beckoning         Tloc           0%         N/A       54%         2
 Momentum Strike          Conj/Tloc      0%         3d8       54%         2


Dungeon Overview and Level Annotations

Branches:
Dungeon (4/15)             Temple (0/1) D:4

Altars:

Shops:
D:1 !


Innate Abilities, Weirdness & Mutations

Your natural rate of healing is accelerated.
You have razor-sharp teeth.
You have supernaturally acute eyesight. (SInv)
You are afflicted with vampirism and can become a bat while bloodless.


Message History

You start resting.
You feel sick.
You are no longer poisoned.
You start resting.
HP restored.
e - 13 poisoned darts (gained 4)
Things that are here:
a +0 short sword; a +0 robe
q - 2 ruby potions (gained 1)
Things that are here:
a +0 short sword; a +0 robe
Found a human corpse.
Found a pair of gloves and a mace.
Found a robe.
There is a broken door here.
You see here a human corpse.
You see here a +0 pair of gloves.
f - a +0 pair of gloves You start putting on your armour.
You continue putting on your +0 pair of gloves. x4
You finish putting on your +0 pair of gloves.
You see here a human corpse.
There is a broken door here.
You see here a +0 mace.
A dart slug comes into view.
A dart slug is nearby!
You shoot an arrow. The arrow hits the dart slug.
The dart slug is moderately wounded.
You shoot an arrow. The arrow hits the dart slug!
You kill the dart slug!
No target in view!
An iguana comes into view.
You shoot an arrow. The arrow hits the iguana.
The iguana hisses angrily.
The iguana is lightly wounded.
You shoot an arrow. The arrow closely misses the iguana.
You shoot an arrow. The arrow closely misses the iguana.
a - a +0 falchion (weapon)
You closely miss the iguana. Your bite misses the iguana.
The iguana is lightly wounded.
The iguana barely misses you.
You hit the iguana but do no damage.
The iguana is lightly wounded.
The iguana barely misses you.
You hit the iguana but do no damage.
The iguana is lightly wounded.
The iguana bites you!
You hit the iguana but do no damage. You bite the iguana.
The iguana is lightly wounded.
The iguana misses you.
You hit the iguana but do no damage.
The iguana is lightly wounded.
The iguana completely misses you. The iguana bites you!
You hit the iguana. Your bite misses the iguana.
The iguana is moderately wounded.
The iguana barely misses you.
You slash the iguana!
The iguana is severely wounded.
The iguana barely misses you. The iguana bites you.
You barely miss the iguana.
The iguana is severely wounded.
The iguana barely misses you.
You hit the iguana.
The iguana is severely wounded.
The iguana bites you!
You hit the iguana but do no damage.
The iguana is severely wounded.
The iguana bites you!
* * * LOW HITPOINT WARNING * * *
You hit the iguana but do no damage. You bite the iguana, but do no damage.
The iguana is severely wounded.
The iguana misses you. The iguana barely misses you.
Okay, then.
It was a potion of curing.
You feel better. The iguana bites you!
* * * LOW HITPOINT WARNING * * *
Okay, then.
You feel yourself speed up. The iguana bites you!
* * * LOW HITPOINT WARNING * * *
An adder comes into view.
Okay, then.
You feel better.
Throw: 13 darts (poison)
Press: ? - help, Shift-Dir - straight line, f - iguana
Aim: an iguana (severely wounded, 61% to hit)
You throw a poisoned dart. The poisoned dart hits the iguana.
The iguana is severely wounded.
Okay, then.
Okay, then.
It was a potion of enlightenment.
You feel very buoyant.
You fly up into the air.
You barely miss the iguana.
The iguana is severely wounded.
The iguana bites you!
* * * LOW HITPOINT WARNING * * *
The adder hisses angrily.
It was a potion of ambrosia.
You are confused.
You feel invigorated. The adder closely misses you. The iguana bites you!
You die...

######
......########
#........(l.#
..##...####@#
#...# #S#
.####...## #.#
.........###.#
######.......#
###.#####
#####.#####
#.........#
#.###.###.#


You could see an iguana and an adder.

Vanquished Creatures
  A phantom (D:4)
  A kobold brigand (D:4)
  A howler monkey (D:4)
  3 adders
  3 ribbon worms (D:2)
  3 dart slugs
  2 orcs
  11 bats
  8 endoplasms
  4 giant cockroaches
  10 goblins
  5 hobgoblins
  2 quokkas
  3 ball pythons
  4 frilled lizards
  3 kobolds
  5 rats
69 creatures vanquished.

Notes
Turn   | Place    | Note
-------+----------+-------------------------------------------
     0 | D:1      | edsrzf the Vampire Hunter began the quest for the Orb.
     0 | D:1      | Reached XP level 1. HP: 16/16 MP: 1/1
    79 | D:1      | Reached skill level 2 in Stealth
   102 | D:1      | Reached skill level 2 in Fighting
   130 | D:1      | Reached XP level 2. HP: 22/22 MP: 2/2
   260 | D:1      | Reached skill level 3 in Stealth
   301 | D:1      | Found Zunolube's Distillery.
   475 | D:1      | You fall into a shaft and drop 1 floor!
   518 | D:2      | Gained mutation: You are afflicted with vampirism and can
                  | become a bat while bloodless. [Vampire growth]
   518 | D:2      | Reached XP level 3. HP: 28/28 MP: 3/3
   559 | D:2      | HP: 1/28 [ribbon worm (8)]
   858 | D:2      | Reached skill level 4 in Stealth
  1053 | D:2      | Reached skill level 3 in Fighting
  1091 | D:2      | Found a faded altar of an unknown god.
  1270 | D:2      | Reached XP level 4. HP: 35/35 MP: 4/4
  2222 | D:3      | Reached skill level 5 in Stealth
  2474 | D:4      | Found a staircase to the Ecumenical Temple.
  2477 | D:4      | Noticed a phantom
  2531 | D:4      | Killed a phantom
  2532 | D:4      | Reached skill level 1 in Long Blades
  2532 | D:4      | Reached XP level 5. HP: 25/41 MP: 5/5
  2742 | D:4      | Reached skill level 2 in Long Blades
  2742 | D:4      | Reached skill level 6 in Stealth
  2750 | D:4      | Identified 2 potions of haste
  2872 | D:4      | Reached XP level 6. HP: 37/47 MP: 6/6
  3024 | D:4      | Identified 2 potions of curing
  3033 | D:4      | Identified a potion of enlightenment
  3035 | D:4      | Identified a potion of ambrosia
  3035 | D:4      | Mangled by an iguana

Illustrated notes

Levels and vault maps discovered:
D:1:      ebering_hopf_link, layout_basic, serial_shops,
          nicolae_shop_behind_doors, serial_bayou_lagoon_a,
          chequers_serial_rivers_micro_b
D:2:      layout_basic, ebering_ecumenical_altar_petrified, nrook_campfire,
          lightli_corner_chamber
D:3:      layout_loops_ring, minivault_25, minmay_misc_feat_tiny, dk_vineyard_2,
          serial_park_tiny_2
D:4:      layout_loops_corners, minmay_temple_entry_mist, roderic_batcave,
          nicolae_nh_ransacked_shop, uniq_eustachio

Skill      XL: |  1  2  3  4  5 |
---------------+----------------+-----
Stealth        | 2 3 4 5 6 |  6.9
Fighting       | 2 3 |  3.2
Long Blades    | 1 2 |  2.7
Ranged Weapons | |  3.2
Dodging        | |  2.1

Action                     |  1- 3 |  4- 6 || total
---------------------------+-------+-------++-------
  Melee: Unarmed           |     6 |       ||     6
         Short sword       |    89 |    20 ||   109
         Bite              |    12 |    12 ||    24
         Falchion          |       |    85 ||    85
   Fire: Shortbow          |    90 |    35 ||   125
  Throw: Dart              |       |     1 ||     1
    Use: Scroll            |       |     1 ||     1
         Potion            |       |     6 ||     6
   Stab: Sleeping          |     2 |     3 ||     5
 Armour: Leather armour    |    54 |    93 ||   147
  Dodge: Dodged            |    30 |    85 ||   115

Table legend: (Time is in decaauts)
 A = Elapsed time spent in this place.
 B = Non-inter-level travel time spent in this place.
 C = Inter-level travel time spent in this place.
 D = Time resting spent in this place.
 E = Time spent auto-exploring this place.
 F = Levels seen in this place.
 G = Mean time per level.
                   A        B        C        D        E       F      G
               +--------+--------+--------+--------+--------+-----+--------+
         Total |   3049 |   2993 |     56 |    221 |   1939 |   4 |  762.2 |
       Dungeon |   3049 |   2993 |     56 |    221 |   1939 |   4 |  762.2 |
               +--------+--------+--------+--------+--------+-----+--------+

Top non-repeatable levels by time:
     D:2: 1075 daAuts
     D:1: 708 daAuts
     D:3: 634 daAuts
     D:4: 631 daAuts
